 Dungeon Crawl Stone Soup version 0.28-a0-683-ga8797d1ae1 (webtiles) character file.

Game seed: 6803664256881499462

21479 Irenicus the Earth Mage (level 12, -8/97 HPs)
             Began as a Deep Dwarf Earth Elementalist on Oct 18, 2021.
             Was a High Priest of Makhleb.
             Mangled by a death yak (25 damage)
             ... on level 4 of the Lair of Beasts.
             The game lasted 01:15:13 (7947 turns).

Irenicus the Earth Mage (DDEE)                      Turns: 7947, Time: 01:15:13

Health: -8/97      AC:  6    Str: 19    XL:     12   Next: 54%
Magic:  17/36 (27) EV: 15    Int: 22    God:    Makhleb [*****.]
Gold:   857        SH:  5    Dex: 11    Spells: 19/33 levels left

rFire   + . .      SeeInvis .   e - staff of earth {!a}
rCold   + . .      Faith    .   r - +0 buckler
rNeg    . . .      Spirit   .   b - +0 steam dragon scales
rPois   +          Reflect  .   (no helmet)
rElec   .          Harm     .   m - scarf {rC+ rF+}
rCorr   .          Rampage  .   (no gloves)
Will    +....                   (no boots)
Stlth   ++........              a - amulet of magic regeneration
HPRegen 0.00/turn               M - ring of magical power
MPRegen 0.50/turn               i - ring "Uxuezxyg" {rPois Str+6 Int+2 Dex-2}

@: no status effects
A: damage resistance, heal wounds, sense surroundings 2, no regeneration
a: Heal Wounds, Renounce Religion, Minor Destruction, Lesser Servant of Makhleb,
Major Destruction, Greater Servant of Makhleb


You were on level 4 of the Lair of Beasts.
You worshipped Makhleb.
Makhleb was extremely pleased with you.
You visited 3 branches of the dungeon, and saw 16 of its levels.

You collected 882 gold pieces.
You spent 25 gold pieces at shops.


Innate Abilities, Weirdness & Mutations

You are resistant to damage.
You can heal yourself by infusing magical energy.
You passively map the area around you.
You do not regenerate.


   Skills:
 - Level 3.0 Fighting
 - Level 5.0 Armour
 - Level 10.2 Dodging
 - Level 2.4 Stealth
 - Level 5.0 Shields
 - Level 11.0 Spellcasting
 - Level 2.0 Conjurations
 - Level 1.0 Necromancy
 - Level 0.8 Transmutations
 + Level 15.0 Earth Magic
 - Level 4.0 Evocations


You had 19 spell levels left.
You knew the following spells:

 Your Spells              Type           Power      Damage    Failure   Level
l - Lee's Rapid Deconstr  Erth           43%        3d22*     1%          5
t - Stone Arrow           Conj/Erth      100%       3d13      1%          3
v - Vampiric Draining     Necr           8%         2d7       11%         3
w - Passwall              Tmut/Erth      52%        N/A       1%          2
z - Sandblast             Erth           100%       2d20      0%          1

Your spell library contained the following spells:

 Spells                   Type           Power      Damage    Failure   Level
 Petrify                  Tmut/Erth      63%        N/A       1%          4
 Leda's Liquefaction      Hex/Erth       30%        N/A       2%          4
 Animate Skeleton         Necr           32%        N/A       3%          1
 Pain                     Necr           64%        1d7       3%          1
 Sublimation of Blood     Necr           8%         N/A       5%          2
 Wereblood                Tmut           15%        N/A       6%          2
 Blink                    Tloc           N/A        N/A       9%          2
 Ensorcelled Hibernation  Hex/Ice        24%        N/A       9%          2
 Slow                     Hex            12%        N/A       9%          2
 Conjure Flame            Conj/Fire      16%        6-21      11%         3
 Ignite Poison            Fire/Tmut/Pois 13%        N/A       14%         3
 Spider Form              Tmut/Pois      7%         N/A       14%         3
 Confusing Touch          Hex            12%        N/A       16%         3
 Inner Flame              Hex/Fire       12%        N/A       16%         3
 Swiftness                Air            12%        N/A       16%         3
 Statue Form              Tmut/Erth      42%        N/A       32%         6
 Sticky Flame             Conj/Fire      16%        2d4       34%         4
 Cause Fear               Hex            6%         N/A       47%         4
 Yara's Violent Unravell  Hex/Tmut       7%         3d5       77%         5
 Manifold Assault         Tloc           12%        N/A       83%         5
 Invisibility             Hex            6%         N/A       100%        6
 Storm Form               Tmut/Air       7%         N/A       100%        7
 Summon Hydra             Summ           6%         N/A       100%        7
 Discord                  Hex            6%         N/A       100%        8

Inventory:

Hand Weapons
 d - a +0 dagger of freezing
Missiles
 l - 196 stones
Armour
 b - +0 steam dragon scales (worn)
 k - a +2 ring mail of fire resistance
 m - a scarf of resistance (worn)
 o - a +2 leather armour of willpower
 r - a +0 buckler (worn)
Magical Staves
 e - a staff of earth (weapon) {!a}
Jewellery
 a - an amulet of magic regeneration (around neck)
 i - the ring "Uxuezxyg" (right hand) {rPois Str+6 Int+2 Dex-2}
   (You found it on level 3 of the Lair of Beasts)

   [ring of poison resistance]

   Str:       It affects your strength (+6).
   Int:       It affects your intelligence (+2).
   Dex:       It affects your dexterity (-2).
   rPois:     It protects you from poison.
 w - the ring "Unwurali" {Fly rC- AC+4 Int+4}
   (You found it on level 9 of the Dungeon)

   [ring of protection]

   AC:        It affects your AC (+4).
   Int:       It affects your intelligence (+4).
   rC:        It makes you vulnerable to cold.
   Fly:       It grants you flight.
 x - an amulet of reflection
 D - a +6 ring of dexterity
 M - a ring of magical power (left hand)
Wands
 h - a wand of paralysis (7)
 s - a wand of iceblast (6)
Scrolls
 f - 2 scrolls of identify {@r1}
 j - 2 scrolls of enchant armour
 n - a scroll of magic mapping
 t - a scroll of acquirement
Potions
 c - a potion of mutation
 g - 4 potions of curing {@q1}
 p - a potion of might
 q - 2 potions of brilliance
 u - 5 potions of ambrosia

Dungeon Overview and Level Annotations

Branches:
Dungeon (11/15)            Temple (1/1) D:4            Lair (4/6) D:8
  Swamp: Lair:2-4    Shoals: Lair:2-4     Snake: Lair:2-4    Spider: Lair:2-4
    Orc: D:9-12

Altars:
Ashenzari
Cheibriados
Dithmenos
Elyvilon
Fedhas
Gozag
Hepliaklqana
Kikubaaqudgha
Makhleb
Nemelex Xobeh
Okawaru
Qazlal
Ru
Sif Muna
Trog
Uskayaw
Vehumet
Wu Jian
Xom
Yredelemnul
Zin
The Shining One

Shops:
D:5 (

Annotations:
D:1 Staff of Earth + sublimation + bad amy..
D:7 Eustachio
D:8 3 runed translucent doors, sn0wgr3's ghost, novice MiFi
D:9 exclusion: downstairs
Lair:4 Nergalle

######### ###..##...## ###
###### #[.........#
#.###P#P.####†.....†...#
##....÷..P.#.+..........## #
#.........[@Y#.........†.##.
###÷.[..÷..#.....†......#.Y.
###........##...†.....†..Y..
#.#........###....†..†..'.##
#.........###..........###
##...P....P##.'....#....#
#?##.P########..YY.####.#
###P....#### ##.#...# ##
#.##..P###P# ####.####


You could see 3 death yaks.


Message History

Casting: Lee's Rapid Deconstruction (mildly dangerous; 1% risk of failure)
Confirm with . or Enter, or press ? or * to list all spells.
Aiming: Lee's Rapid Deconstruction (mildly dangerous; 1% risk of failure)
Press: ? - help, Dir - move target A rock wall.
You feel a surge of power!
The wall shatters!
The blast of rock fragments hits the death yak!!
The death yak is severely wounded.
You block the death yak's attack.
Casting: Lee's Rapid Deconstruction (mildly dangerous; 1% risk of failure)
Confirm with . or Enter, or press ? or * to list all spells.
Aiming: Lee's Rapid Deconstruction (mildly dangerous; 1% risk of failure)
Press: ? - help, Dir - move target A rock wall.
You feel a surge of power!
The wall shatters!
The blast of rock fragments hits the death yak!
The death yak is almost dead.
You hear a bellow!
The death yak gores you!
* * * LOW HITPOINT WARNING * * *
Casting: Lee's Rapid Deconstruction (mildly dangerous; 1% risk of failure)
Confirm with . or Enter, or press ? or * to list all spells.
Aiming: Lee's Rapid Deconstruction (mildly dangerous; 1% risk of failure)
Press: ? - help, Dir - move target A rock wall.
You feel a surge of power!
The wall shatters!
The blast of rock fragments hits the death yak but does no damage.
The death yak is almost dead.
The death yak gores you!!
You die...

Skill      XL: |  1  2  3  4  5  6  7  8  9 10 11 12 |
---------------+-------------------------------------+-----
Earth Magic    | 5 6 7 8 10 11 14 15 | 15.0
Spellcasting   | 2 3 4 8 9 11 | 11.0
Necromancy     | 1 |  1.0
Conjurations   | 2 |  2.0
Evocations     | 3 4 |  4.0
Shields        | 5 |  5.0
Armour         | 5 |  5.0
Dodging        | 6 10 | 10.2
Fighting       | 3 |  3.0
Stealth        | |  2.4
Transmutations | |  0.8

Action                   |  1- 3 |  4- 6 |  7- 9 | 10-12 || total
-------------------------+-------+-------+-------+-------++-------
Melee: Dagger            |     4 |       |       |     4 ||     8
       Staff             |    22 |    76 |    71 |    58 ||   227
 Cast: Sandblast         |    38 |    67 |   102 |   141 ||   348
       Stone Arrow       |       |    15 |    44 |   133 ||   192
       Passwall          |       |     2 |    17 |     8 ||    27
       Lee's Rapid Decon |       |       |       |    20 ||    20
 Abil: Heal Wounds       |       |       |     1 |     1 ||     2
Evoke: Wand              |       |       |    10 |    11 ||    21
  Use: Scroll            |     6 |     1 |     8 |    10 ||    25
       Potion            |       |     1 |     3 |     8 ||    12
 Stab: Sleeping          |       |       |       |     1 ||     1
       Paralysed         |       |       |       |     4 ||     4
Armor: Robe              |    17 |       |       |       ||    17
       Leather armour    |       |    47 |    18 |       ||    65
       Skin              |       |   219 |       |       ||   219
       Steam dragon scal |       |       |    31 |    43 ||    74
       Ring mail         |       |       |       |     7 ||     7
Dodge: Dodged            |    32 |   118 |   125 |   171 ||   446
Block: Buckler           |       |       |       |    75 ||    75
       Reflection        |       |       |       |     2 ||     2

Levels and vault maps discovered:
D:1:      eino_arrival_water_star, layout_loops_corners, minmay_pentomino_t4
D:2:      layout_loops_ring
D:3:      layout_rooms, grunt_temple_overflow_order_and_chaos_2
D:4:      layout_loops_corners, overflow_temple_1_default,
          minmay_temple_entry_slanted, goddamned_bats
D:5:      layout_cave_pods, serial_shops, kennysheep_little_box
D:6:      layout_gridville, kennysheep_mini, supply_closet_lemuel,
          minmay_misc_feat_enclosed, uniq_eustachio, uniq_maggie, uniq_duvessa
D:7:      layout_basic, minivault_19
D:8:      layout_loops_cross, mainiacjoe_overflow_catch_the_wave,
          david_lair_shrubbed, gammafunk_ghost_hydra_chop
D:9:      layout_cave_pods, uniq_grum
D:10:     layout_grid_maze
D:11:     layout_roguey, kennysheep_orc_monster_closet_entryway, dk_vineyard_1
Temple:   nicolae_temple_elliptical
Lair:1:   layout_small_grid
Lair:2:   layout_roguey
Lair:3:   layout_roguey, ice2_lemuel
Lair:4:   layout_roguey [special_room_bee], shoals_dummy_entry,
          guppyfry_snake_entry_garden, beast_lair_carwin_1, grunt_megastairs_2,
          uniq_sonja, uniq_nergalle

Notes
Turn   | Place    | Note
-------+----------+-------------------------------------------
     0 | D:1      | Irenicus the Deep Dwarf Earth Elementalist began the quest
                  | for the Orb.
     0 | D:1      | Reached XP level 1. HP: 15/15 MP: 3/3
   196 | D:1      | Reached XP level 2. HP: 22/22 MP: 0/4
   348 | D:1      | Reached skill level 5 in Earth Magic
   629 | D:2      | Reached XP level 3. HP: 28/28 MP: 2/5
   658 | D:2      | Learned a level 3 spell: Stone Arrow
   669 | D:2      | You fall into a shaft and drop 2 floors!
   702 | D:4      | Reached skill level 6 in Earth Magic
   702 | D:4      | Reached XP level 4. HP: 34/36 MP: 0/6
   702 | D:4      | Found a staircase to the Ecumenical Temple.
   722 | D:4      | Noticed a phantom
   735 | Temple   | Entered the Ecumenical Temple
   869 | D:4      | Killed a phantom
   870 | D:4      | Reached skill level 7 in Earth Magic
   870 | D:4      | Reached XP level 5. HP: 28/42 MP: 0/7
   904 | D:4      | Found a broken altar of Ashenzari.
   967 | D:3      | Reached skill level 8 in Earth Magic
   998 | D:3      | Learned a level 2 spell: Passwall
  1005 | D:3      | Found a burning altar of Makhleb.
  1005 | D:3      | Found a glowing silver altar of Zin.
  1008 | D:3      | Noticed an angel
  1008 | D:3      | Noticed a green death
  1011 | D:3      | Became a worshipper of Makhleb the Destroyer
  1584 | D:4      | Reached * piety under Makhleb
  1644 | D:4      | Reached skill level 2 in Spellcasting
  1644 | D:4      | Reached XP level 6. HP: 30/49 MP: 0/9
  1713 | D:4      | Reached skill level 9 in Earth Magic
  1826 | D:5      | Entered Level 5 of the Dungeon
  1829 | D:5      | Identified a scarf of resistance
  2106 | D:4      | Reached skill level 10 in Earth Magic
  2162 | D:4      | Reached XP level 7. HP: 15/54 MP: 0/10
  2216 | D:4      | Reached ** piety under Makhleb
  2376 | D:4      | Reached skill level 11 in Earth Magic
  2520 | D:4      | Learned a level 3 spell: Vampiric Draining
  2635 | D:5      | Found Miyxter's Weapon Shop.
  2640 | D:5      | Bought 18 stones for 25 gold pieces
  2652 | D:5      | Reached skill level 1 in Necromancy
  2918 | D:6      | Noticed Eustachio
  2926 | D:6      | Reached skill level 1 in Conjurations
  2931 | D:6      | Reached skill level 3 in Spellcasting
  2955 | D:6      | Reached skill level 2 in Conjurations
  2970 | D:6      | Reached XP level 8. HP: 48/62 MP: 1/12
  2985 | D:6      | Noticed Duvessa
  2985 | D:6      | Noticed Dowan
  2999 | D:6      | Found a basalt altar of Yredelemnul.
  3074 | D:6      | Reached *** piety under Makhleb
  3086 | D:5      | HP: 4/62 [orc (3)]
  3089 | D:5      | Reached skill level 12 in Earth Magic
  3155 | D:6      | Killed Dowan
  3232 | D:6      | Reached skill level 13 in Earth Magic
  3236 | D:6      | Noticed Maggie
  3241 | D:6      | Killed Maggie
  3242 | D:6      | Reached skill level 14 in Earth Magic
  3475 | D:6      | Reached skill level 4 in Spellcasting
  3475 | D:6      | Gained mutation: You passively map the area around you.
                  | [Deep Dwarf growth]
  3475 | D:6      | Reached XP level 9. HP: 47/68 MP: 5/15
  3640 | D:6      | Killed Duvessa
  3752 | D:7      | Reached skill level 5 in Spellcasting
  3906 | D:7      | Reached **** piety under Makhleb
  3955 | D:7      | Reached skill level 6 in Spellcasting
  4250 | D:8      | Found a staircase to the Lair.
  4250 | D:8      | Noticed a komodo dragon
  4291 | D:8      | Reached skill level 7 in Spellcasting
  4363 | D:8      | Killed a komodo dragon
  4364 | D:8      | Reached skill level 2 in Evocations
  4484 | D:8      | Found an opulent altar of Gozag.
  4542 | D:8      | Found a blossoming altar of Fedhas.
  4577 | D:8      | Found a runed translucent gate.
  4577 | D:8      | Found a runed translucent gate.
  4577 | D:8      | Found a runed translucent gate.
  4577 | D:8      | Noticed a nine-headed hydra
  4577 | D:8      | Noticed sn0wgr3's ghost (novice MiFi)
  4577 | D:8      | Noticed a nine-headed hydra
  4584 | D:8      | Noticed a two-headed ogre
  4594 | D:8      | Killed a two-headed ogre
  4595 | D:8      | Reached skill level 8 in Spellcasting
  4595 | D:8      | Reached skill level 3 in Evocations
  4595 | D:8      | Reached XP level 10. HP: 31/75 MP: 13/22
  4619 | D:8      | Reached skill level 4 in Evocations
  4717 | D:9      | Reached skill level 1 in Shields
  4786 | D:9      | Reached skill level 2 in Shields
  4811 | D:8      | Reached skill level 3 in Shields
  4830 | D:8      | Noticed a two-headed ogre
  4834 | D:8      | Killed a two-headed ogre
  4835 | D:8      | Reached skill level 4 in Shields
  4963 | D:9      | Reached skill level 5 in Shields
  5088 | D:9      | Noticed Grum
  5093 | D:9      | Reached skill level 1 in Armour
  5108 | D:9      | Reached skill level 3 in Dodging
  5109 | D:9      | Killed Grum
  5110 | D:9      | Reached skill level 2 in Armour
  5244 | D:9      | Reached skill level 3 in Armour
  5244 | D:9      | Reached skill level 4 in Dodging
  5252 | D:9      | Identified the ring "Unwurali" {Fly rC- AC+4 Int+4}
  5296 | D:10     | Entered Level 10 of the Dungeon
  5390 | D:9      | Reached skill level 4 in Armour
  5390 | D:9      | Reached skill level 5 in Dodging
  5528 | D:11     | Noticed a tengu warrior
  5530 | D:11     | Noticed a tengu warrior
  5666 | D:10     | Reached skill level 5 in Armour
  5852 | D:10     | Reached skill level 6 in Dodging
  5860 | D:9      | HP: 3/75 [slime creature (15)]
  5866 | D:9      | Reached XP level 11. HP: 27/81 MP: 0/23
  5866 | D:9      | Identified a scroll of acquirement
  5916 | Lair:1   | Entered Level 1 of the Lair of Beasts
  6065 | Lair:1   | Reached skill level 1 in Fighting
  6113 | Lair:1   | Reached skill level 2 in Fighting
  6173 | Lair:1   | Reached skill level 7 in Dodging
  6404 | Lair:2   | Reached skill level 3 in Fighting
  6413 | Lair:2   | Reached ***** piety under Makhleb
  6484 | Lair:2   | Reached skill level 8 in Dodging
  6657 | Lair:3   | Reached skill level 9 in Dodging
  6682 | Lair:3   | Identified the +3 chain mail of Gravitas {Will+++ Int-4}
  6973 | Lair:3   | Reached skill level 10 in Dodging
  7031 | Lair:3   | HP: 1/90 [rime drake/flash freeze (25)]
  7125 | Lair:3   | Learned a level 5 spell: Lee's Rapid Deconstruction
  7200 | Lair:3   | Reached skill level 9 in Spellcasting
  7287 | Lair:3   | Identified the ring "Uxuezxyg" {rPois Str+6 Int+2 Dex-2}
  7318 | Lair:3   | Identified the +1 crystal plate armour "Ziuh" {rF++ Int-4
                  | Dex+3}
  7390 | Lair:4   | Reached XP level 12. HP: 56/97 MP: 16/25
  7473 | Lair:4   | Reached skill level 10 in Spellcasting
  7511 | Lair:4   | Noticed a death yak
  7511 | Lair:4   | Noticed a death yak
  7512 | Lair:4   | Noticed a death yak
  7513 | Lair:4   | Noticed a death yak
  7559 | Lair:3   | Killed a death yak
  7602 | Lair:3   | HP: 9/97 [elephant (11)]
  7772 | Lair:3   | Reached skill level 11 in Spellcasting
  7875 | Lair:4   | Reached skill level 15 in Earth Magic
  7895 | Lair:4   | Noticed Nergalle
  7935 | Lair:4   | Noticed a death yak
  7947 | Lair:4   | Mangled by a death yak

Vanquished Creatures
  2 two-headed ogres (D:8)
  A death yak (Lair:3)
  8 elephants
  An ice statue (Lair:3)
  4 black mambas
  4 cane toads
  Maggie (D:6)
  3 rime drakes
  3 komodo dragons
  A freezing wraith (Lair:3)
  2 meliai (Lair:4)
  A queen bee (Lair:4)
  A troll (D:11)
  2 polar bears (Lair:3)
  6 slime creatures (D:9)
  6 blink frogs
  A shadow (D:10)
  A wyvern (Lair:2)
  Grum (D:9)
  6 yaks
  A steam dragon (D:8)
  Duvessa (D:6)
  12 water moccasins
  3 black bears
  2 sky beasts (D:7)
  5 ice beasts (Lair:3)
  An ogre (D:4)
  9 wolves
  2 phantoms
  6 centaurs
  A gnoll sergeant (D:6)
  10 bullfrogs
  3 scorpions
  Dowan (D:6)
  27 killer bees
  3 howler monkeys
  A vampire bat (D:4)
  2 centaur zombies
  A bullfrog zombie (D:5)
  2 gnoll shamans
  3 orc priests
  3 hounds
  3 centaur skeletons
  4 iguanas
  9 orc wizards
  2 killer bee zombies (D:8)
  A howler monkey zombie (D:8)
  18 gnolls
  5 adders
  2 shadow imps (D:7)
  5 white imps
  An ufetubus (D:4)
  2 worms
  2 dart slugs
  3 fire bats (D:4)
  36 orcs
  2 spectral bats (D:4)
  3 bat skeletons (D:4)
  A bat zombie (D:4)
  6 endoplasms
  3 giant cockroaches
  3 goblins
  6 hobgoblins
  4 jackals (D:3)
  5 quokkas
  10 ball pythons
  15 bats
  A bat simulacrum (D:4)
  3 frilled lizards
  10 kobolds
  4 rats
323 creatures vanquished.

Vanquished Creatures (others)
  An orc wizard (D:8)
  16 fungi
  27 plants
44 creatures vanquished.

Grand Total: 367 creatures vanquished

Table legend: (Time is in decaauts)
 A = Elapsed time spent in this place.
 B = Non-inter-level travel time spent in this place.
 C = Inter-level travel time spent in this place.
 D = Time resting spent in this place.
 E = Time spent auto-exploring this place.
 F = Levels seen in this place.
 G = Mean time per level.
                   A        B        C        D        E       F      G
               +--------+--------+--------+--------+--------+-----+--------+
         Total |   8007 |   7498 |    509 |      0 |      0 |  16 |  500.4 |
       Dungeon |   5853 |   5398 |    455 |      0 |      0 |  11 |  532.1 |
        Temple |     92 |     92 |      0 |      0 |      0 |   1 |   92.0 |
          Lair |   2061 |   2007 |     54 |      0 |      0 |   4 |  515.2 |
               +--------+--------+--------+--------+--------+-----+--------+

Top non-repeatable levels by time:
     D:4: 918 daAuts
     D:5: 781 daAuts
  Lair:3: 733 daAuts
     D:9: 673 daAuts
     D:7: 657 daAuts
     D:8: 628 daAuts
     D:1: 611 daAuts
  Lair:2: 526 daAuts
  Lair:1: 464 daAuts
     D:6: 435 daAuts
     D:2: 366 daAuts
     D:3: 355 daAuts
  Lair:4: 336 daAuts
    D:10: 289 daAuts
    D:11: 136 daAuts

Table legend:
 A = Non-vault XP
 B = Vault XP
 C = Vault XP percentage of total XP
 D = Non-vault monster count
 E = Vault monster count
 F = Vault count percentage of total count
                 A         B        C        D         E       F
            +---------+---------+-------+---------+---------+-------
      Total |   22903 |    7782 |  25.4 |     250 |      74 |  22.8
            +---------+---------+-------+---------+---------+-------
        D:1 |      33 |       5 |  13.2 |      23 |       3 |  11.5
        D:2 |      41 |       0 |   0.0 |      14 |       0 |   0.0
        D:3 |      82 |       0 |   0.0 |      22 |       0 |   0.0
        D:4 |     641 |     175 |  21.4 |      32 |      20 |  38.5
        D:5 |     520 |       0 |   0.0 |      19 |       0 |   0.0
        D:6 |     898 |     607 |  40.3 |      29 |       3 |   9.4
        D:7 |    1196 |       0 |   0.0 |      23 |       0 |   0.0
        D:8 |    2544 |     350 |  12.1 |      15 |       1 |   6.2
        D:9 |    2242 |     543 |  19.5 |      17 |       4 |  19.0
       D:10 |    1006 |       0 |   0.0 |       4 |       0 |   0.0
       D:11 |     291 |       0 |   0.0 |       1 |       0 |   0.0
     Lair:1 |    2369 |       0 |   0.0 |      10 |       0 |   0.0
     Lair:2 |    3363 |       0 |   0.0 |      17 |       0 |   0.0
     Lair:3 |    6407 |    1764 |  21.6 |      19 |      12 |  38.7
     Lair:4 |    1270 |    4338 |  77.4 |       5 |      31 |  86.1
            +---------+---------+-------+---------+---------+-------
